 Dungeon Crawl Stone Soup version 0.27-a0-1202-ge72e49191c (webtiles) character file.

Game seed: 16906035444543096919

19600 freelancePsychic the Severer (level 10, 0/71 (83) HPs)
             Began as a Palentonga Fighter on June 4, 2021.
             Was a High Priest of Ru.
             Killed by refrigeration
             ... invoked by Fannar
              (27 damage)
             ... on level 3 of the Lair of Beasts.
             The game lasted 00:27:25 (16689 turns).

freelancePsychic the Severer (Palentonga Fighter)  Turns: 16689, Time: 00:27:25

HP:   0/71 (83)     AC: 14    Str: 23    XL:     10   Next: 38%
MP:   2/10          EV: 12    Int:  8    God:    Ru [*****.]
Gold: 726           SH:  0    Dex: 17    Spells: 9/9 levels left

rFire    . . .     SeeInvis +   a - +0 war axe (elec)
rCold    . . .     Faith    .   (no shield)
rNeg     . . .     Spirit   .   w - +0 steam dragon scales
rPois    .         Reflect  .   (helmet restricted)
rElec    .         Harm     .   q - +0 cloak
rCorr    .         Rampage  .   (no gloves)
Will     .....                  (no barding)
Stlth    ++........             e - amulet "Modwa" {Acrobat Dex+7}
HPRegen  0.21/turn              t - +4 ring of slaying
MPRegen  0.12/turn              (no ring)

@: exhausted, heavily drained, curled up
A: large, rugged brown scales 3, see invisible, deformed body, inability to use
devices, no air magic, no conjurations magic, no transmutations magic,
inexperienced 1, roll 1, armoured tail, reflexive curl, horns 1, frail 1
a: Rolling Charge, Renounce Religion, Sacrifice Durability, Sacrifice Love,
Sacrifice Courage, Reject Sacrifices, Draw Out Power, Power Leap, Apocalypse


You were on level 3 of the Lair of Beasts.
You worshipped Ru.
Ru was extremely pleased with you.
You visited 3 branches of the dungeon, and saw 15 of its levels.

You collected 866 gold pieces.
You spent 140 gold pieces at shops.

Inventory:

Hand Weapons
 a - a +0 war axe of electrocution (weapon)
 u - a +0 battleaxe
Missiles
 i - 8 javelins
 B - a curare-tipped dart
Armour
 c - a +0 kite shield
 l - a +2 helmet
 q - a +0 cloak (worn)
 w - +0 steam dragon scales (worn)
Jewellery
 e - the amulet "Modwa" (around neck) {Acrobat Dex+7}
   (You bought it in a shop on level 6 of the Dungeon)

   [amulet of the acrobat]

   It increases your evasion while moving and waiting.
   It affects your dexterity (+7).
 m - an amulet of guardian spirit
 t - a +4 ring of slaying (left hand)
 v - a ring of see invisible
 y - an amulet of reflection
Wands
 o - a wand of polymorph (7)
 s - a wand of flame (30)
 D - a wand of acid (5)
Scrolls
 b - a scroll of fog
 g - 2 scrolls of teleportation {@r4}
 h - 2 scrolls of immolation
 E - 2 scrolls of fear
 G - a scroll of amnesia
Potions
 d - 2 potions of might
 f - 2 potions of curing {@q1}
 j - 2 potions of haste {unknown}
 k - 4 potions of attraction
 n - a potion of ambrosia {unknown}
 p - 2 potions of cancellation
 r - a potion of lignification
 z - 3 potions of heal wounds {@q2}
 A - a potion of invisibility
 F - 2 potions of flight


   Skills:
 - Level 10.5 Fighting
 * Level 16.0 Axes
 - Level 2.4 Armour
 + Level 5.4 Dodging
 - Level 2.4 Shields


You had 9 spell levels left.
You didn't know any spells.
Your spell library contained the following spells:

 Spells                   Type           Power      Damage    Failure   Level
 Apportation              Tloc           0%         N/A       41%         1
 Corona                   Hex            0%         N/A       41%         1
 Summon Small Mammal      Summ           0%         N/A       41%         1
 Call Imp                 Summ           0%         N/A       54%         2
 Ensorcelled Hibernation  Hex/Ice        0%         N/A       54%         2
 Call Canine Familiar     Summ           0%         N/A       78%         3
 Confusing Touch          Hex            0%         N/A       78%         3
 Lesser Beckoning         Tloc           0%         N/A       78%         3
 Summon Guardian Golem    Hex/Summ       0%         N/A       78%         3
 Tukima's Dance           Hex            0%         N/A       78%         3
 Summon Ice Beast         Ice/Summ       0%         N/A       99%         4
 Invisibility             Hex            0%         N/A       100%        6
 Beastly Appendage        Tmut           Unusable   N/A       N/A         1
 Magic Dart               Conj           Unusable   1d3       N/A         1
 Shock                    Conj/Air       Unusable   1d3       N/A         1
 Searing Ray              Conj           Unusable   3d3       N/A         2
 Static Discharge         Conj/Air       Unusable   N/A       N/A         2
 Wereblood                Tmut           Unusable   N/A       N/A         2
 Dazzling Flash           Conj/Hex       Unusable   N/A       N/A         3
 Spider Form              Tmut/Pois      Unusable   N/A       N/A         3
 Swiftness                Air            Unusable   N/A       N/A         3
 Airstrike                Air            Unusable   N/A       N/A         4
 Fulminant Prism          Conj/Hex       Unusable   3d6       N/A         4
 Ice Form                 Ice/Tmut       Unusable   N/A       N/A         4
 Iskenderun's Mystic Bla  Conj/Tloc      Unusable   2d3       N/A         4
 Summon Lightning Spire   Summ/Air       Unusable   N/A       N/A         4
 Alistair's Intoxication  Tmut/Pois      Unusable   N/A       N/A         5
 Hydra Form               Tmut           Unusable   N/A       N/A         5
 Lightning Bolt           Conj/Air       Unusable   1d11      N/A         5

Dungeon Overview and Level Annotations

Branches:
Dungeon (11/15)            Temple (1/1) D:5            Lair (3/6) D:11
  Swamp: Lair:2-4    Shoals: Lair:2-4     Snake: Lair:2-4    Spider: Lair:2-4
    Orc: D:9-12

Altars:
Ashenzari
Cheibriados
Dithmenos
Elyvilon
Fedhas
Gozag
Hepliaklqana
Makhleb
Nemelex Xobeh
Okawaru
Qazlal
Ru
Sif Muna
Trog
Uskayaw
Vehumet
Wu Jian
Xom
Yredelemnul
Zin
The Shining One
Beogh

Shops:
D:6 *   D:11 (

Annotations:
D:9 3 runed translucent doors, ClownBaby's ghost, novice NaVM
Lair:2 2 transporters, HilariousDeathArtist's ghost, journeyman GrAK
Lair:3 Fannar


Innate Abilities, Weirdness & Mutations

You are completely covered in rugged brown scales. (AC +3, +7% HP)
You have supernaturally acute eyesight. (SInv)
Armour fits poorly on your strangely shaped body.
You cannot study or use magical devices.
You cannot study or cast Air magic.
You cannot study or cast Conjurations magic.
You cannot study or cast Transmutations magic.
You are somewhat inexperienced. (-2 XL)
You can roll at nearby foes to attack.
You have a long armoured tail.
You curl defensively after being hit.
You have a pair of small horns on your head.
You are frail. (-10% HP)


Message History

You hit the cane toad. You headbutt the cane toad.
The cane toad is severely wounded.
You feel very sick. The cane toad stings you!
You are more poisoned.
The cane toad poisons you!
You are too injured to fight recklessly!
You closely miss the cane toad. You headbutt the cane toad.
You tail-slap the cane toad, but do no damage.
The cane toad is almost dead.
You feel extremely sick.
You redirect the bog body's attack!
The bog body gestures at the cane toad while chanting.
The bolt of cold hits the cane toad!!
The cane toad dies!
You feel extremely sick.
As you read the scroll of teleportation {@r4}, it crumbles to dust.
You feel strangely unstable.
You feel extremely sick.
* * * LOW HITPOINT WARNING * * *
You feel very sick.
* * * LOW HITPOINT WARNING * * *
You feel very sick.
Found a scroll of fog and 18 gold pieces.
Your surroundings suddenly seem different.
* * * LOW HITPOINT WARNING * * *
You feel very sick.
A komodo dragon comes into view.
Found a potion of flight.
You feel better.
The komodo dragon hisses angrily.
Fannar the Cold-Hearted comes into view.
They are wielding a staff of cold and wearing a +1 robe of cold resistance.
You reveal the great annihilating truth to your foes!
The komodo dragon is paralysed by terrible understanding!
The plant begins to die.
You feel drained.
Fannar shouts!
You hear an angry hiss.
You hear a bellow! x3
You hear an angry hiss.
You hear an angry growl.
You hear a croak.
Fannar casts a spell.
Fannar drains the heat from the surrounding environment!
You die...

..# #. ## ##...## #..
####.###.##..## #...
#.........#P..## #....
#..............####.....
.#....................e.
#.......................
#...........l..@.......
#............#........
#.!.........P##.......
#...........## #......
##........### ......
#.......## ......
#.....#.# #....
..P..##### .... .....##


You could see Fannar and a komodo dragon (paralysed).

Vanquished Creatures
  A boulder beetle (Lair:2)
  A hydra (Lair:3)
  Erica (D:8)
  2 two-headed ogres (D:11)
  A skeletal warrior (D:10)
  3 manticores (D:11)
  A gargoyle (D:11)
  7 cane toads
  A rime drake (Lair:2)
  2 komodo dragons
  A tengu conjurer (D:10)
  A troll (D:11)
  A polar bear (Lair:3)
  A hornet (D:8)
  Grinder (D:6)
  5 blink frogs (Lair:2)
  Prince Ribbit (D:8)
  3 wraiths (D:10)
  12 yaks
  Grum (D:8)
  A basilisk (Lair:1)
  2 wyverns
  3 steam dragons
  12 vampire mosquitoes
  An acid dragon (D:11)
  A water moccasin (Lair:1)
  3 swamp drakes (D:10)
  3 ice beasts
  A necrophage (D:7)
  An orc warrior (D:11)
  An ogre (D:5)
  A black bear (D:6)
  7 wolves
  A centaur (D:5)
  2 kobold brigands
  9 bullfrogs
  2 gnoll sergeants
  2 scorpions
  3 electric eels (D:8)
  5 howler monkeys
  7 wights
  2 bullfrog skeletons
  7 centaur zombies
  6 hounds
  3 orc priests
  A centaur skeleton (D:7)
  2 iguanas (D:6)
  7 orc wizards
  7 gnolls
  8 adders
  A howler monkey skeleton (D:6)
  5 river rats (D:5)
  A shadow imp (D:5)
  2 white imps
  An ufetubus (D:6)
  2 worms
  2 dart slugs
  20 orcs
  6 endoplasms
  7 giant cockroaches
  6 hobgoblins
  8 jackals
  13 kobolds
  7 quokkas (D:5)
  7 ball pythons
  3 bats
  2 frilled lizards
  10 goblins
  17 rats
278 creatures vanquished.

Vanquished Creatures (others)
  A cane toad (Lair:3)
  10 fungi
  18 plants
  13 withered plants (D:4)
42 creatures vanquished.

Grand Total: 320 creatures vanquished

Notes
Turn   | Place    | Note
-------+----------+-------------------------------------------
     0 | D:1      | freelancePsychic the Palentonga Fighter began the quest for
                  | the Orb.
     0 | D:1      | Reached XP level 1. HP: 19/19 MP: 1/1
   295 | D:1      | Reached XP level 2. HP: 24/25 MP: 2/2
   638 | D:1      | Reached skill level 3 in Axes
   836 | D:1      | Reached XP level 3. HP: 31/31 MP: 3/3
  1673 | D:3      | Reached XP level 4. HP: 18/39 MP: 4/4
  1789 | D:3      | Reached skill level 4 in Axes
  2271 | D:3      | Reached XP level 5. HP: 28/44 MP: 5/5
  2399 | D:3      | Found an ornate altar of the Wu Jian Council.
  2602 | D:3      | Found a faded altar of an unknown god.
  2870 | D:4      | Found a snail-covered altar of Cheibriados.
  2877 | D:4      | Reached skill level 5 in Axes
  3386 | D:4      | Reached XP level 6. HP: 49/52 MP: 6/6
  3580 | D:5      | Entered Level 5 of the Dungeon
  3868 | D:5      | Reached skill level 5 in Fighting
  3868 | D:5      | Reached skill level 6 in Axes
  4050 | D:5      | Found a hide-covered altar of Uskayaw.
  4101 | D:5      | Gained mutation: You curl defensively after being hit.
                  | [Palentonga growth]
  4101 | D:5      | Reached XP level 7. HP: 39/59 MP: 3/7
  4254 | D:5      | Reached skill level 7 in Axes
  4616 | D:5      | Found an iron altar of Okawaru.
  4618 | D:5      | Found a glowing golden altar of the Shining One.
  4749 | D:5      | Found a staircase to the Ecumenical Temple.
  4767 | Temple   | Entered the Ecumenical Temple
  4818 | Temple   | Became a worshipper of Ru the Awakened
  5164 | D:6      | Reached skill level 8 in Axes
  5164 | D:6      | Reached XP level 8. HP: 58/68 MP: 8/8
  5252 | D:6      | Noticed Grinder
  5283 | D:6      | Killed Grinder
  5383 | D:6      | Found Doanit's Assorted Antiques.
  5391 | D:6      | Bought a transparent pewter amulet for 140 gold pieces
  5391 | D:6      | Identified the amulet "Modwa" {Acrobat Dex+7} (You bought
                  | it in a shop on level 6 of the Dungeon)
  5626 | D:6      | Reached skill level 9 in Axes
  6235 | D:7      | Gained mutation: You cannot study or cast Air magic. [Ru
                  | sacrifice]
  6235 | D:7      | Gained mutation: You cannot study or cast Transmutations
                  | magic. [Ru sacrifice]
  6235 | D:7      | Gained mutation: You cannot study or cast Conjurations
                  | magic. [Ru sacrifice]
  6235 | D:7      | Reached * piety under Ru
  6839 | D:7      | Reached XP level 9. HP: 70/75 MP: 9/9
  6875 | D:7      | Reached skill level 10 in Axes
  7399 | D:8      | Noticed Erica
  7409 | D:8      | Killed Erica
  7410 | D:8      | Reached skill level 11 in Axes
  7774 | D:8      | Noticed Prince Ribbit
  7783 | D:8      | Killed Prince Ribbit
  8566 | D:8      | Reached XP level 10. HP: 68/88 MP: 10/10
  8838 | D:8      | Noticed Grum
  8845 | D:8      | Reached skill level 12 in Axes
  8865 | D:8      | Killed Grum
  9964 | D:9      | Noticed ClownBaby's ghost (novice NaVM)
  9965 | D:9      | Found a runed translucent gate.
  9965 | D:9      | Found a runed translucent gate.
  9965 | D:9      | Found a runed translucent gate.
 10029 | D:9      | Gained mutation: You are somewhat inexperienced. (-2 XL)
                  | [Ru sacrifice]
 10029 | D:9      | Reached XP level 9. HP: 78/82 MP: 9/9
 10029 | D:9      | Reached XP level 8. HP: 75/75 MP: 8/8
 10029 | D:9      | Reached ** piety under Ru
 10284 | D:10     | Entered Level 10 of the Dungeon
 10284 | D:10     | Noticed a death knight
 10285 | D:10     | Noticed a skeletal warrior
 11197 | D:10     | Reached skill level 13 in Axes
 11202 | D:10     | Reached skill level 10 in Fighting
 11519 | D:10     | Found the +5 sword of Power {vorpal}
 11521 | D:10     | Identified the +2 trident "Tamn" {vorpal, rPois rN+ Str+2
                  | Stlth-}
 11608 | D:10     | Reached XP level 9. HP: 48/84 MP: 9/9
 11921 | D:10     | Killed a skeletal warrior
 12152 | D:11     | Noticed a two-headed ogre
 12153 | D:11     | Noticed a two-headed ogre
 12545 | D:11     | Reached skill level 1 in Dodging
 12560 | D:11     | Reached skill level 14 in Axes
 12764 | D:11     | Found Lisaex's Weapon Shoppe.
 13233 | D:11     | Killed a two-headed ogre
 13239 | D:11     | Killed a two-headed ogre
 13478 | D:11     | Found a staircase to the Lair.
 13781 | D:11     | Noticed a centaur warrior
 13781 | D:11     | Noticed a skeletal warrior
 13793 | D:11     | HP: 3/84 [skeletal warrior/+0 mace (17)]
 14152 | Lair:1   | Entered Level 1 of the Lair of Beasts
 14167 | Lair:1   | Gained mutation: You cannot study or use magical devices.
                  | [Ru sacrifice]
 14167 | Lair:1   | Reached *** piety under Ru
 14167 | Lair:1   | Reached **** piety under Ru
 14167 | Lair:1   | Reached ***** piety under Ru
 14842 | Lair:1   | Reached skill level 15 in Axes
 15108 | Lair:1   | Gained mutation: You are weak. (Str -2) [potion of
                  | mutation]
 15108 | Lair:1   | Gained mutation: You are frail. (-10% HP) [potion of
                  | mutation]
 15108 | Lair:1   | Gained mutation: You have a pair of small horns on your
                  | head. [potion of mutation]
 15108 | Lair:1   | Lost mutation: You are weak. (Str -2) [potion of mutation]
 15506 | Lair:2   | Reached XP level 10. HP: 56/83 MP: 10/10
 15630 | Lair:2   | Found a transporter.
 15641 | Lair:2   | Found a transporter.
 15643 | Lair:2   | Noticed HilariousDeathArtist's ghost (journeyman GrAK)
 15842 | Lair:2   | Found a bloodstained altar of Trog.
 15882 | Lair:2   | Found an opulent altar of Gozag.
 16080 | Lair:3   | Noticed a boulder beetle
 16160 | Lair:2   | Killed a boulder beetle
 16409 | Lair:3   | Noticed an eight-headed hydra
 16428 | Lair:3   | Reached skill level 5 in Dodging
 16429 | Lair:3   | Killed a nine-headed hydra
 16658 | Lair:3   | Reached skill level 16 in Axes
 16688 | Lair:3   | Noticed Fannar
 16689 | Lair:3   | Killed from afar by Fannar

Illustrated notes

Levels and vault maps discovered:
D:1:      dpeg_arrival_chambers_temple_mockup, layout_basic,
          minmay_misc_feat_encased
D:2:      layout_loops_cross, mrwooster_statue_mirror
D:3:      layout_basic, lemuel_tele_altar,
          shapermc_ecumenical_altar_mp_highgroup, minmay_quantized
D:4:      layout_loops_ring, old_standard_altar, kiku_gazebo_garden_becter,
          uniq_blork_the_orc, uniq_pikel, uniq_menkaure
D:5:      lemuel_ratsnest, layout_loops_corners, nicolae_overflow_hidden_temple,
          minmay_temple_entry_mist, minmay_fountain_box
D:6:      layout_basic, serial_shops,
          nicolae_shop_temple_entry_statues_fountains, minmay_misc_feat_room,
          uniq_grinder
D:7:      layout_basic
D:8:      layout_cave_pools, serial_co_window_serial,
          co_window_of_opportunity_a, co_window_of_opportunity_a,
          co_window_cross_1, co_window_paths_a, co_window_paths_b,
          co_window_of_opportunity_c, co_window_2corner, co_window_corner_b,
          co_window_broadway_b, co_window_of_opportunity_c,
          co_window_broadway_a, co_window_unsneaky_path_a, co_window_paths_e,
          glass_columns_a, serial_bayou_ford_a, uniq_erica, uniq_grum,
          uniq_prince_ribbit1
D:9:      layout_long_grid, biasface_ghost_orc_armoury,
          hangedman_abyss_or_decor_passed, hangedman_decor_slide_cut,
          kennysheep_generic_room_14
D:10:     layout_loops_corners, hex_tiny, pond
D:11:     minmay_tile_spiral, layout_basic, lair_entry_dummy, orc_0_dummy,
          serial_shops, kennysheep_mini_moat
Temple:   lightli_temple_of_artemis
Lair:1:   layout_long_grid
Lair:2:   layout_hall_layers, gammafunk_ghost_wrathful_warriors, basic_altar
Lair:3:   layout_cave_pods, nicolae_swamp_entry_splash_gauntlet,
          beast_lair_carwin_8, uniq_gastronok, uniq_fannar

Skill      XL: |  1  2  3  4  5  6  7  8  9 10 |
---------------+-------------------------------+-----
Axes           | 3 4 5 6 8 13 15 16 | 16.0
Fighting       | 4 5 6 10 9 | 10.5
Dodging        | 4 5 |  5.4
Armour         | |  2.4
Shields        | |  2.4

Action                   |  1- 3 |  4- 6 |  7- 9 | 10-12 || total
-------------------------+-------+-------+-------+-------++-------
Melee: War axe           |    76 |   168 |   406 |    85 ||   735
       Tailslap          |     6 |    22 |    76 |    20 ||   124
       Headbutt          |       |       |     4 |    11 ||    15
Invok: Sacrifice Arcana  |       |       |     1 |       ||     1
       Sacrifice Experie |       |       |     1 |       ||     1
       Sacrifice Artific |       |       |     1 |       ||     1
       Apocalypse        |       |       |       |     2 ||     2
 Abil: Rolling Charge    |    19 |    32 |    87 |    24 ||   162
Evoke: Wand              |       |       |     2 |       ||     2
  Use: Scroll            |     2 |     1 |    17 |     4 ||    24
       Potion            |       |       |     5 |     1 ||     6
 Stab: Sleeping          |       |     1 |       |       ||     1
       Distracted        |       |       |     1 |       ||     1
       Invisible         |       |       |     1 |       ||     1
       Paralysed         |       |       |       |     1 ||     1
Armor: Scale mail        |    54 |    77 |    58 |       ||   189
       Steam dragon scal |       |       |    53 |    15 ||    68
       Skin              |       |       |    13 |       ||    13
Dodge: Dodged            |    20 |    47 |   151 |    32 ||   250
Block: Kite shield       |    43 |    42 |       |       ||    85

Table legend: (Time is in decaauts)
 A = Elapsed time spent in this place.
 B = Non-inter-level travel time spent in this place.
 C = Inter-level travel time spent in this place.
 D = Time resting spent in this place.
 E = Time spent auto-exploring this place.
 F = Levels seen in this place.
 G = Mean time per level.
                   A        B        C        D        E       F      G
               +--------+--------+--------+--------+--------+-----+--------+
         Total |  16808 |  16328 |    480 |   2670 |  11804 |  15 | 1120.5 |
       Dungeon |  14214 |  13858 |    356 |   2373 |   9897 |  11 | 1292.2 |
        Temple |     71 |     51 |     20 |      0 |     34 |   1 |   71.0 |
          Lair |   2522 |   2419 |    103 |    297 |   1873 |   3 |  840.7 |
               +--------+--------+--------+--------+--------+-----+--------+

Top non-repeatable levels by time:
     D:8: 2496 daAuts
    D:10: 2145 daAuts
     D:5: 1437 daAuts
    D:11: 1426 daAuts
  Lair:2: 1205 daAuts
     D:7: 1153 daAuts
     D:3: 1130 daAuts
     D:1: 1057 daAuts
     D:6: 1023 daAuts
  Lair:1: 974 daAuts
     D:4: 867 daAuts
     D:9: 851 daAuts
     D:2: 624 daAuts
  Lair:3: 342 daAuts
  Temple: 71 daAuts
